 Dungeon Crawl Stone Soup version 0.16.1-18-g436b03c (webtiles) character file.

627942 theElss the Slayer (level 27, -3/196 HPs)
             Began as a Gargoyle Berserker on May 6, 2015.
             Was the Champion of Trog.
             Slain by an acid blob (28 damage)
             ... created by the royal jelly
             ... on level 5 of the Pits of Slime on May 7, 2015.
             The game lasted 08:34:03 (88778 turns).

theElss the Slayer (Gargoyle Berserker)            Turns: 88778, Time: 08:34:04

Health: -3/196     AC: -4    Str: 38 (41) XL:     27
Magic:  36/36      EV: 21    Int: 21 (22) God:    Trog [******]
Gold:   4985       SH: 29    Dex: 18 (19) Spells: 0 memorised, 26 levels left

rFire  + + .     SeeInvis .     b - +8 mace of Twilight {drain, rF++ MR+ Dex+2}
rCold  . . .     Clarity  .     l - +5 chain mail "Gegui" {Contam rN+ rCorr Str+3 Int+7}
rNeg   + + +     SustAb   .     o - +2 large shield
rPois  ∞         Gourm    .     B - +1 helmet {Int+3}
rElec  +         Spirit   .     O - +2 cloak
rCorr  +         Warding  .     V - +2 pair of gloves {Str+3}
rMut   +         Stasis   .     L - +1 pair of boots {Stlth+}
MR     ++++.                    D - amulet of resist mutation
Stlth  ..........               w - ring "Trih" {rN+ MR+ Str+3}
                                p - ring "Xerurufo" {Str+4 Dex+6}

@: exhausted, about to teleport, corroded equipment, flying, slowed, very slow,
incredibly resistant to hostile enchantments, extremely unstealthy
A: able to fly continuously, big wings, blurry vision 2, deterioration 1,
negative energy resistance 1, screaming 1, electricity resistance, unbreathing,
petrification resistance, rot immunity, placid magic 1, AC +20
a: Stop Flying, Burn Spellbooks, Berserk, Trog's Hand, Brothers in Arms,
Renounce Religion
}: 3/15 runes: serpentine, barnacled, silver


You were on level 5 of the Pits of Slime.
You worshipped Trog.
Trog was exalted by your worship.
You were not hungry.

You visited 9 branches of the dungeon, and saw 56 of its levels.
You visited the Abyss 2 times.
You visited 1 bazaar.

You collected 8279 gold pieces.
You spent 3294 gold pieces at shops.

Inventory:

Hand weapons
 a - the +11 morningstar "Eos" {elec, -Tele rElec SInv}
   (You found it on level 5 of the Vaults)

   Occasionally, upon striking a foe, it will discharge some electrical energy
   and cause terrible harm.
   It insulates you from electricity.
   It enhances your eyesight.
   It prevents most forms of teleportation.
 b - the +8 mace of Twilight (weapon) {drain, rF++ MR+ Dex+2}
   (You bought it in a shop in a bazaar)

   A truly terrible weapon, it drains the life of those it strikes.
   It affects your dexterity (+2).
   It greatly protects you from fire.
   It affects your resistance to hostile enchantments.
 c - the +8 bow of Krishna "Sharnga" {speed, Dex+3 SInv}
   (Trog gifted it to you on level 6 of the Pits of Slime)

   Attacks with this weapon are significantly faster.
   It affects your dexterity (+3).
   It enhances your eyesight.
 J - the +6 morningstar "Fots" {venom, rF+ Stlth+}
   (Trog gifted it to you on level 1 of the Depths)

   It poisons the flesh of those it strikes.
   It protects you from fire.
   It makes you more stealthy.
 Y - a +4 antimagic demon whip
Armour
 l - the +5 chain mail "Gegui" (worn) {Contam rN+ rCorr Str+3 Int+7}
   (You found it on level 2 of the Depths)

   It affects your strength (+3).
   It affects your intelligence (+7).
   It protects you from negative energy.
   It causes magical contamination when unequipped.
   It protects you from acid and corrosion.
 o - a +2 large shield (worn)
 q - a +6 gold dragon armour
 B - a +1 helmet of intelligence (worn)
 L - a +1 pair of boots of stealth (worn)
 O - a +2 cloak (worn)
 V - a +2 pair of gloves of strength (worn)
Jewellery
 f - an uncursed amulet of the gourmand
 n - an uncursed ring of see invisible
 p - the ring "Xerurufo" (left hand) {Str+4 Dex+6}
   (You took it off a merfolk aquamancer on level 5 of the Depths)

   [ring of dexterity]

   It affects your strength (+4).
   It affects your dexterity (+6).
 w - the ring "Trih" (right hand) {rN+ MR+ Str+3}
   (You bought it in a shop on level 1 of the Orcish Mines)

   [ring of strength]

   It affects your strength (+3).
   It protects you from negative energy.
   It affects your resistance to hostile enchantments.
 D - an amulet of resist mutation (around neck)
 K - an uncursed amulet of clarity
 X - an uncursed amulet of stasis
Magical devices
 s - a wand of flame (22)
 t - a wand of flame (26)
 z - a wand of fire (5)
 N - a wand of enslavement (12)
 Q - a wand of disintegration (15)
 U - a wand of teleportation (5)
Scrolls
 k - 4 scrolls of blinking
 y - 15 scrolls of teleportation
 E - 6 scrolls of fog
 G - a scroll of recharging
 M - 19 scrolls of remove curse
 T - 15 scrolls of identify
 Z - 5 scrolls of fear
Potions
 d - 5 potions of haste
 e - 10 potions of heal wounds
 g - 11 potions of restore abilities
 j - 18 potions of curing
 H - 4 potions of resistance
 R - 4 potions of cancellation
Miscellaneous
 h - a phial of floods
 m - a phantom mirror
 A - a fan of gales
 I - a lamp of fire
 P - a lamp of fire
Comestibles
 x - 20 meat rations
 C - 50 fruits


   Skills:
 * Level 26.3 Fighting
 + Level 21.9 Maces & Flails
 + Level 21.5 Armour
 + Level 16.5 Dodging
 + Level 21.1 Shields
 - Level 11.0 Evocations


You had 26 spell levels left.
You didn't know any spells.

Dungeon Overview and Level Annotations

Branches:
Dungeon (15/15)            Temple (0/1) D:4            Lair (8/8) D:9
 Shoals (5/5) Lair:4        Snake (5/5) Lair:4        Slime (6/6) Lair:6
    Orc (4/4) D:11            Elf (3/3) Orc:3        Vaults (5/5) D:14
 Depths (5/5) D:15            Zot (0/5) Depths:5
  Crypt: Vaults:2-3

Altars:
Ashenzari
Dithmenos
Elyvilon
Fedhas
Kikubaaqudgha
Makhleb
Nemelex Xobeh
Okawaru
Qazlal
Ru
Sif Muna
Trog
Vehumet
Xom
Yredelemnul
Zin
The Shining One
Beogh

Shops:
D:4 *   D:9 *   D:14 %   Orc:1 [=}   Orc:3 !   Orc:4 [?:*   Elf:2 :
Shoals:2 [   Shoals:5 *![:   Vaults:3 %   Vaults:4 [   Depths:3 =   Depths:5 [*

Portals:
Hell: Depths:1 Depths:2 Depths:3 Depths:4 Depths:5
Abyss: Depths:1 Depths:4 Depths:5
Pandemonium: Depths:3
Ziggurat: Depths:3
Trove: D:12 (give 2 scrolls of acquirement)


Innate Abilities, Weirdness & Mutations

You are resistant to torment.
You are immune to poison.
You can fly continuously.
Your stone body is very resilient (AC +20).
Your wings are large and strong.
You resist negative energy.
You are resistant to electric shocks.
You can survive without breathing.
You are immune to petrification.
You are immune to rotting.
Scrolls take you longer to read.
Your body is slowly deteriorating.
You occasionally shout uncontrollably at your foes.
Your spells are a little easier to cast, but a little less powerful.


Message History

* * * LOW HITPOINT WARNING * * *
You block the acid blob's attack. x2
The acid blob completely misses you.
As you read the scroll of teleportation, it crumbles to dust.
You feel strangely unstable.
Drink which item? (? for menu, Esc to quit)
You feel much better. You block the acid blob's attack.
The acid blob spits acid at you. The splash of acid hits you! You resist.
* * * LOW HITPOINT WARNING * * *
The acid corrodes your equipment!
The acid burns!
You resist.
* * * LOW HITPOINT WARNING * * *
You block the acid blob's attack. The acid blob spits acid at you.
The splash of acid hits you! You resist.
* * * LOW HITPOINT WARNING * * *
The acid burns!
You resist.
* * * LOW HITPOINT WARNING * * *
The acid blob hits you!!
You die...

#...^.............# #
###.#...........#..##
.#.##.#.................#
........................## ##
.#.##.#.......>..........# .##
###....................## ..#
####...........>.#.......##
..####......^....J.....#......#
..........#.....@J......#......#
.........##...JJJJ.....####.#.##
................J.......# #####
.#####.........#....<...##
###.#....................#
#.........##.......#.#.##
##.........#.........##.## #.
##...............>......##...
##.#.##............##.#....#


You could see 4 acid blobs, an azure jelly, a death ooze and a jelly.

Vanquished Creatures
  the royal jelly (Slime:6)
  An ancient lich (Vaults:5)
  Sojobo (Depths:3)
  2 caustic shrikes (Depths:5)
  Mara (Depths:3)
  Jory (Depths:3)
  The ghost of emiel the Brawler, a mighty NaTm of Cheibriados (Vaults:5)
  4 golden dragons
  2 bone dragons (Abyss:1)
  A pearl dragon (Depths:1)
  The ghost of theElss the Bludgeoner, a mighty GrBe of Trog (Depths:2)
  8 liches
  11 tentacled monstrosities
  A deep elf blademaster (Elf:3)
  7 titans
  2 quicksilver dragons
  6 sphinxes
  A deep elf master archer (Elf:3)
  16 acid blobs
  Polyphemus (Shoals:4)
  A tentacled starspawn (Abyss:1)
  A kraken (Shoals:4)
  Rupert (Snake:1)
  An eldritch tentacle (Depths:3)
  6 shadow dragons
  Frances (Snake:3)
  2 storm dragons (Vaults:5)
  Roxanne (Snake:4)
  9 tengu reavers
  11 azure jellies
  Ilsuiw (Shoals:4)
  11 fire giants
  18 frost giants
  13 greater nagas
  Donald (Snake:2)
  Wiglaf (Shoals:5)
  18 deep elf sorcerers
  25 vault wardens
  An iron dragon (Vaults:5)
  A cacodemon (Abyss:1)
  Aizul (Snake:1)
  Louise (Shoals:4)
  A draconian scorcher (Depths:5)
  9 emperor scorpions
  A caustic shrike zombie (Depths:3)
  A balrug (Depths:4)
  2 draconian knights (Depths:5)
  A reaper (Depths:3)
  4 spriggan defenders
  10 very ugly things
  An ophan (Depths:1)
  24 ironheart preservers
  2 war gargoyles (Vaults:5)
  A salamander firebrand (Depths:5)
  An apis (Depths:1)
  2 vampire knights
  28 stone giants
  10 deep elf demonologists
  Azrael (Snake:4)
  12 deep elf annihilators
  8 dire elephants
  7 merfolk javelineers
  Snorg (Lair:5)
  3 crystal guardians (Vaults:4)
  22 ettins
  8 deep elf death magi
  A minotaur (Depths:5)
  7 merfolk impalers
  11 fire dragons
  4 deep elf high priests
  Josephine (D:15)
  15 yaktaur captains
  47 vault guards
  A hell beast (Depths:4)
  10 great orbs of eyes
  Fannar (Orc:4)
  Harold (Lair:5)
  3 spriggan air magi
  9 hydras
  8 ice dragons
  19 anacondas
  19 naga warriors
  Nessos (D:11)
  4 merfolk aquamancers
  12 deep troll earth magi
  2 alligator snapping turtles
  5 merfolk avatars
  10 centaur warriors
  20 dancing weapons
  17 ogre magi
  11 rakshasas
  5 catoblepae
  The ghost of SaintRoka the Basher, an experienced NaBe of Trog (D:10)
  20 death yaks
  2 satyrs
  7 deep troll shamans
  11 spriggan berserkers
  The ghost of SaintRoka the Covert, an experienced NaCK of Lugonu (D:9)
  5 tengu warriors
  An orc high priest (Orc:2)
  5 shock serpents
  A death knight (Depths:5)
  The ghost of emiel the Unseen, a powerful SpEn of Ashenzari (Lair:3)
  Urug (D:12)
  A titan zombie (Depths:3)
  4 thrashing horrors (Abyss:1)
  3 sun demons
  A soul eater (Elf:3)
  A titan skeleton (Depths:3)
  15 naga sharpshooters
  4 giant orange brains
  20 deep elf knights
  3 wretched stars (Abyss:1)
  3 salamander mystics (Snake:5)
  15 sea snakes
  5 skeletal warriors
  An unseen horror (shapeshifter) (D:14)
  A storm dragon skeleton (Vaults:3)
  The ghost of emiel the Covert, an experienced KoEn of Kikubaaqudgha (D:8)
  19 hell knights
  An iron troll (Depths:4)
  37 deep trolls
  6 unseen horrors
  2 fire crabs (shapeshifter)
  A golden dragon zombie (Depths:2)
  3 shadow wraiths
  2 flayed ghosts
  11 hill giants
  10 deep elf summoners
  2 tengu zombies
  16 naga ritualists
  Pikel (D:8)
  23 ironbrand convokers
  10 orc sorcerers
  A wolf spider zombie (D:15)
  2 sixfirhies
  3 hornets
  An anaconda skeleton (Abyss:1)
  9 necromancers
  3 wizards
  10 salamanders
  15 deep elf conjurers
  14 griffons
  A sphinx zombie (Vaults:3)
  12 orc knights
  4 wolf spiders
  16 manticores
  10 fauns
  4 phantasmal warriors
  A wolf spider (shapeshifter) (Vaults:5)
  A tengu skeleton (Depths:3)
  33 harpies
  A draconian (shapeshifter) (Abyss:1)
  A shadow dragon skeleton (Vaults:2)
  An oklob plant (Shoals:2)
  3 stone giant zombies
  88 ugly things
  10 cyclopes
  2 octopodes (shapeshifter)
  6 elephants (Lair:5)
  A guardian serpent (shapeshifter) (Vaults:4)
  12 mana vipers
  A stone giant skeleton (Vaults:2)
  16 sirens
  Maurice (D:10)
  18 vault sentinels
  7 shining eyes
  A cyclops (shapeshifter) (Vaults:5)
  58 black mambas
  11 water nymphs
  14 guardian serpents
  Joseph (D:8)
  3 apocalypse crabs (Abyss:1)
  A human skeleton (Vaults:3)
  11 spiny frogs
  14 naga magi
  2 gargoyles
  2 orange demons
  4 torpor snails
  An eye of devastation (Slime:5)
  A storm dragon simulacrum (Abyss:1)
  A centaur skeleton (D:13)
  A dire elephant skeleton (Depths:1)
  An efreet (D:11)
  14 deep elf priests
  3 yaktaur zombies
  2 elf zombies
  A kobold demonologist (Vaults:1)
  86 yaktaurs
  11 komodo dragons
  4 ancient zymes (Abyss:1)
  A spriggan druid (Lair:5)
  A polar bear (Lair:5)
  6 trolls
  2 demonic crawlers
  A shadow dragon simulacrum (Vaults:2)
  A jumping spider (Vaults:1)
  4 blue devils
  6 freezing wraiths
  2 two-headed ogres (shapeshifter)
  8 wind drakes
  47 merfolk
  A raiju (Abyss:1)
  5 tengu conjurers
  Sonja (D:12)
  A queen bee (Lair:1)
  134 slime creatures
  6 boulder beetles
  Prince Ribbit (Lair:3)
  A fire drake (Lair:8)
  10 large abominations
  A wind drake (shapeshifter) (Vaults:3)
  22 two-headed ogres
  A baby alligator (shapeshifter) (Vaults:5)
  12 ravens
  8 basilisks
  A black mamba zombie (Abyss:1)
  26 deep elf magi
  3 stone giant simulacra
  An air elemental (Depths:3)
  9 redbacks
  2 spriggan simulacra (Depths:1)
  16 blink frogs
  8 snapping turtles
  2 tarantellas
  2 ynoxinuls (Abyss:1)
  9 spriggans
  18 water elementals
  A shock serpent simulacrum (Abyss:1)
  A hog (shapeshifter) (Vaults:3)
  8 wraiths
  4 shadows
  3 fire elementals (Snake:4)
  A fire bat (shapeshifter) (Vaults:4)
  60 yaks
  5 hungry ghosts
  A yak (shapeshifter) (Depths:5)
  14 hippogriffs
  A hippogriff (shapeshifter) (Vaults:5)
  Grum (D:12)
  A chaos spawn (Abyss:1)
  A fire bat (Abyss:1)
  3 wyverns
  A yaktaur simulacrum (Vaults:3)
  9 golden eyes
  62 nagas
  34 deep elf fighters
  2 steam dragons
  7 human zombies
  17 vampire mosquitoes
  6 insubstantial wisps (Abyss:1)
  A neqoxec (Abyss:1)
  Edmund (D:5)
  18 wargs
  10 wolves
  19 porcupines
  2 mottled dragons
  A slave (D:8)
  28 water moccasins
  4 sky beasts
  7 ice beasts
  A necrophage (D:11)
  10 wasps
  3 hell hounds (Snake:4)
  37 orc warriors
  56 ogres
  A boggart (shapeshifter) (Vaults:5)
  2 black bears
  14 centaurs
  10 eyes of draining
  A centaur (shapeshifter) (Vaults:4)
  12 boggarts
  2 phantoms
  A vampire mosquito zombie (D:14)
  2 big kobolds
  24 giant frogs
  2 brain worms
  14 crocodiles
  42 jellies
  A giant frog (shapeshifter) (Depths:3)
  A wyvern skeleton (D:10)
  A water moccasin zombie (D:8)
  7 scorpions
  43 killer bees
  A spriggan zombie (Abyss:1)
  11 small abominations
  2 electric eels
  2 elf skeletons
  9 wights
  2 giant frog zombies (D:10)
  18 hounds
  20 orc priests
  10 crimson imps
  2 centaur zombies
  4 quasits
  8 starcursed masses (Abyss:1)
  A giant frog skeleton (D:11)
  A two-headed ogre zombie (Vaults:5)
  14 iguanas
  50 orc wizards
  8 worker ants
  A boulder beetle simulacrum (Vaults:1)
  37 sheep
  2 hell rats
  A mummy (D:10)
  3 worker ant zombies
  17 adders
  8 gnolls
  60 river rats
  2 giant mites
  2 white imps
  7 shadow imps
  A giant eyeball (Slime:2)
  7 ufetubi (Abyss:1)
  6 worms
  6 orc zombies (Orc:4)
  An adder skeleton (D:8)
  An ooze (D:3)
  180 orcs
  A ball python (D:2)
  5 giant cockroaches
  13 goblins
  14 hobgoblins
  12 jackals
  20 kobolds
  12 quokkas
  12 bats
  3 giant geckos
  3 giant newts (D:1)
  A giant spore (Abyss:1)
  A jackal skeleton (D:9)
  A lurking horror (Abyss:1)
  An orc skeleton (Orc:4)
  17 rats
  10 ballistomycetes
  A fungus (Lair:6)
  4 plants
  2 starspawn tentacles (Abyss:1)
  4 tentacles (Shoals:4)
3076 creatures vanquished.

Vanquished Creatures (collateral kills)
  Saint Roka (Shoals:4)
  A spriggan air mage (Depths:2)
  A deep elf priest (Depths:2)
  A basilisk (shapeshifter) (Depths:2)
4 creatures vanquished.

Vanquished Creatures (others)
  Nikola (Depths:1)
  An ironheart preserver (Vaults:5)
  A deep elf high priest (Vaults:5)
  A fire dragon (Depths:5)
  2 deep elf knights
  A wizard (Depths:1)
  A necromancer (Depths:2)
  A manticore (Shoals:5)
  12 drowned souls
  A black mamba (Snake:5)
  2 two-headed ogres
  2 ravens (Depths:1)
  A ynoxinul (Abyss:1)
  2 water elementals (Depths:5)
  A deep elf fighter (Vaults:5)
  A boggart (Vaults:2)
  4 ogres
  2 lost souls
  A yaktaur zombie (Vaults:5)
  A scorpion (D:8)
  An orc wizard (Orc:4)
  3 orcs (Orc:3)
  3 giant spores
  69 eldritch tentacle segments (Depths:3)
  A fungus (Lair:4)
  6 plants
  2 starspawn tentacles (Abyss:1)
  128 starspawn tentacle segments (Abyss:1)
  4 tentacles (Shoals:4)
  26 tentacle segments (Shoals:4)
282 creatures vanquished.

Grand Total: 3362 creatures vanquished

Notes
Turn   | Place    | Note
--------------------------------------------------------------
     0 | D:1      | theElss, the Gargoyle Berserker, began the quest for the Orb.
     0 | D:1      | Reached XP level 1. HP: 14/14 MP: 1/1
     2 | D:1      | Noticed a vampire
     4 | D:1      | Noticed an ogre
     6 | D:1      | Noticed a minotaur
     6 | D:1      | Noticed a naga
     8 | D:1      | Noticed an elf
     8 | D:1      | Noticed a troll
    10 | D:1      | Noticed a spriggan
    10 | D:1      | Noticed a ghoul
    12 | D:1      | Noticed a tengu
    12 | D:1      | Noticed a demonspawn
    14 | D:1      | Noticed a merfolk
    16 | D:1      | Noticed a human
    18 | D:1      | Noticed a draconian
    18 | D:1      | Noticed a formicid
    20 | D:1      | Noticed a dwarf
    20 | D:1      | Noticed a vine stalker
    22 | D:1      | Noticed a felid
    22 | D:1      | Noticed a demigod
    24 | D:1      | Noticed a centaur
    24 | D:1      | Noticed a gargoyle
    26 | D:1      | Noticed an octopode
   251 | D:1      | Reached XP level 2. HP: 16/19 MP: 2/2
   396 | D:1      | Acquired Trog's second power
   885 | D:2      | Reached XP level 3. HP: 20/23 MP: 3/3
  1616 | D:3      | Reached skill level 4 in Maces & Flails
  1616 | D:3      | Reached XP level 4. HP: 19/28 MP: 4/4
  1861 | D:3      | Reached XP level 5. HP: 33/33 MP: 5/5
  2234 | D:4      | Found a burning altar of Makhleb.
  2463 | D:4      | Found Zin's Purification Station.
  2468 | D:4      | Found a glowing silver altar of Zin.
  2527 | D:4      | Reached XP level 6. HP: 33/38 MP: 6/6
  2596 | D:4      | Reached skill level 5 in Maces & Flails
  2669 | D:4      | Found a white marble altar of Elyvilon.
  2815 | D:4      | Found a shimmering altar of Xom.
  2963 | D:4      | Found a staircase to the Ecumenical Temple.
  3051 | D:4      | Found a deep blue altar of Sif Muna.
  3138 | D:5      | Entered Level 5 of the Dungeon
  3198 | D:5      | Noticed Edmund
  3205 | D:5      | Killed Edmund
  3205 | D:5      | Reached XP level 7. HP: 44/44 MP: 7/7
  3281 | D:5      | Acquired Trog's third power
  3729 | D:5      | Found a bloodstained altar of Trog.
  3847 | D:5      | Reached skill level 6 in Maces & Flails
  3868 | D:5      | Reached skill level 5 in Fighting
  4109 | D:5      | Reached skill level 5 in Armour
  4109 | D:5      | Reached XP level 8. HP: 35/49 MP: 8/8
  4896 | D:6      | Reached skill level 7 in Maces & Flails
  5793 | D:7      | Reached XP level 9. HP: 55/55 MP: 9/9
  5847 | D:7      | Found a sparkling altar of Nemelex Xobeh.
  5890 | D:7      | Found a stormy altar of Qazlal.
  5895 | D:7      | Found a blossoming altar of Fedhas.
  5937 | D:7      | Reached skill level 8 in Maces & Flails
  6097 | D:7      | Found an iron altar of Okawaru.
  6097 | D:7      | Found a bloodstained altar of Trog.
  6237 | D:7      | Found a shadowy altar of Dithmenos.
  6837 | D:8      | Paralysed by a hobgoblin for 5 turns
  6860 | D:8      | Reached skill level 9 in Maces & Flails
  6860 | D:8      | Reached skill level 5 in Dodging
  6870 | D:8      | Noticed Joseph
  6882 | D:8      | Killed Joseph
  7034 | D:8      | Reached XP level 10. HP: 63/63 MP: 10/10
  7235 | D:8      | Received a gift from Trog
  7304 | D:8      | Noticed Pikel
  7314 | D:8      | Killed Pikel
  7378 | D:8      | Noticed emiel's ghost (experienced KoEn)
  7406 | D:8      | Killed emiel's ghost
  7640 | D:8      | Reached skill level 10 in Maces & Flails
  8185 | D:9      | Found Kotog's Assorted Antiques.
  8384 | D:9      | Found a staircase to the Lair.
  8432 | D:9      | Noticed SaintRoka's ghost (experienced NaCK)
  8477 | D:9      | Killed SaintRoka's ghost
  8477 | D:9      | Reached XP level 11. HP: 69/69 MP: 11/11
  8923 | D:10     | Entered Level 10 of the Dungeon
  8953 | D:9      | Reached skill level 11 in Maces & Flails
  9048 | D:10     | Noticed a hill giant
  9059 | D:10     | Killed a hill giant
  9322 | D:10     | Noticed Maurice
  9353 | D:10     | Killed Maurice
  9440 | D:10     | Noticed a hill giant
  9453 | D:10     | Killed a hill giant
  9621 | D:10     | Killed an unseen horror
  9757 | D:10     | Received a gift from Trog
  9825 | D:10     | Noticed SaintRoka's ghost (experienced NaBe)
  9868 | D:10     | Killed SaintRoka's ghost
 10224 | D:11     | Reached skill level 12 in Maces & Flails
 10473 | D:11     | Found a staircase to the Orcish Mines.
 10652 | D:11     | Noticed a hill giant
 10659 | D:11     | Killed a hill giant
 10659 | D:11     | Reached skill level 1 in Shields
 10659 | D:11     | Reached XP level 12. HP: 58/77 MP: 12/12
 10701 | D:11     | Noticed Nessos
 10733 | D:11     | Killed Nessos
 10921 | D:12     | Received a gift from Trog
 10934 | D:12     | Reached skill level 10 in Fighting
 10949 | D:12     | Noticed Grum
 10968 | D:12     | Killed Grum
 11149 | D:12     | Reached skill level 10 in Armour
 11329 | D:12     | Found a staircase to the Orcish Mines.
 11387 | D:12     | Noticed Urug
 11409 | D:12     | Killed Urug
 12111 | D:12     | Received a gift from Trog
 12112 | D:12     | Found a roughly hewn altar of Beogh.
 12226 | D:12     | Found a portal to a secret trove of treasure.
 12248 | D:12     | Noticed Sonja
 12271 | D:12     | Killed Sonja
 12542 | Lair:1   | Entered Level 1 of the Lair of Beasts
 12652 | Lair:1   | Reached skill level 5 in Shields
 12785 | Lair:1   | Reached skill level 13 in Maces & Flails
 13311 | Lair:1   | Reached XP level 13. HP: 80/83 MP: 13/13
 13997 | Lair:2   | Received a gift from Trog
 14863 | Lair:3   | Noticed Prince Ribbit
 14879 | Lair:3   | Killed Prince Ribbit
 15107 | Lair:3   | Noticed emiel's ghost (powerful SpEn)
 15595 | Lair:4   | Received a gift from Trog
 16706 | Lair:4   | Found a staircase to the Snake Pit.
 16864 | Lair:4   | Found a staircase to the Shoals.
 18029 | Lair:5   | Received a gift from Trog
 18099 | Lair:5   | Noticed Snorg
 18107 | Lair:5   | Killed Snorg
 18178 | Lair:5   | Reached skill level 14 in Maces & Flails
 18295 | Lair:5   | Gained mutation: Your wings are large and strong. [gargoyle growth]
 18295 | Lair:5   | Reached XP level 14. HP: 90/90 MP: 14/14
 18752 | Lair:5   | Noticed Harold
 18770 | Lair:5   | Killed Harold
 19231 | Lair:6   | Found a staircase to the Slime Pits.
 19413 | Lair:6   | Got a twisted dagger
 19935 | Lair:3   | Killed emiel's ghost
 21013 | Lair:7   | Received a gift from Trog
 21018 | Lair:7   | Got a dazzling great mace {god gift}
 21034 | Lair:7   | Identified the +9 great mace of Res Nullius {crush, +Blink rF- rN+ Int+2} (Trog gifted it to you on level 7 of the Lair of Beasts)
 21086 | Lair:7   | Reached skill level 10 in Shields
 21819 | Lair:8   | Entered Level 8 of the Lair of Beasts
 22107 | Lair:8   | Received a gift from Trog
 22175 | Lair:8   | Found a radiant altar of Vehumet.
 23691 | Orc:1    | Entered Level 1 of the Orcish Mines
 23691 | Orc:1    | Found Ojiliotu's Gadget Shoppe.
 23822 | Orc:1    | Received a gift from Trog
 24391 | Orc:1    | Found Oxaaff's Armour Shoppe.
 24391 | Orc:1    | Found Wiup's Jewellery Emporium.
 24405 | Orc:1    | Bought the ring "Trih" {rN+ MR+ Str+3} for 422 gold pieces
 24464 | Orc:3    | Found Quky's Distillery.
 24485 | Orc:3    | Bought a potion of ambrosia for 112 gold pieces
 24489 | Orc:3    | Found a roughly hewn altar of Beogh.
 24555 | Orc:3    | Received a gift from Trog
 24800 | Orc:3    | Found a staircase to the Elven Halls.
 24967 | Orc:3    | Reached skill level 15 in Maces & Flails
 25092 | Orc:3    | Reached XP level 15. HP: 96/96 MP: 15/15
 25258 | Orc:2    | Received a gift from Trog
 25415 | Orc:4    | Entered Level 4 of the Orcish Mines
 25575 | Orc:4    | Found Saulor's Antique Armour Shop.
 25575 | Orc:4    | Found Pinoneney's Magic Scroll Shoppe.
 25739 | Orc:4    | Found a roughly hewn altar of Beogh.
 25840 | Orc:4    | Found Fyazaomo's Assorted Antiques.
 25840 | Orc:4    | Found Gesazil's Book Shop.
 25913 | Orc:4    | Received a gift from Trog
 26265 | Orc:4    | Noticed Fannar
 26288 | Orc:4    | Killed Fannar
 26389 | Orc:4    | Bought a faintly glowing plate armour for 952 gold pieces
 26399 | Orc:4    | Identified the +3 plate armour "Yfresh Loru" {Int+5} (You bought it in a shop on level 4 of the Orcish Mines)
 27178 | D:14     | HP: 7/145 [hippogriff (5)]
 27368 | D:14     | Found a shattered altar of Ashenzari.
 27425 | D:14     | Found Khipniur's Food Emporium.
 27561 | D:14     | Found a gate to the Vaults.
 27888 | D:15     | Entered Level 15 of the Dungeon
 27918 | D:15     | Received a gift from Trog
 27927 | D:15     | Found a flickering gateway to a bazaar.
 27940 | Bazaar   | Entered a bazaar
 27945 | Bazaar   | Found Phuqooso's Gadget Shop.
 27946 | Bazaar   | Found Vuetaote's Assorted Antiques.
 27971 | Bazaar   | Found Khopaf's Weapon Emporium.
 27971 | Bazaar   | Found Ghihorug's Antique Weapon Shoppe.
 27985 | Bazaar   | Bought a warped mace for 144 gold pieces
 27993 | Bazaar   | Found Brar's Gadget Shop.
 28029 | Bazaar   | Found Qiugis' Armour Boutique.
 28034 | Bazaar   | Bought the cursed -3 pair of boots of the Buccaneer {-Tele Regen+ Str+5 Slay-3} for 1 gold piece
 28063 | Bazaar   | Bought a scroll of enchant armour for 172 gold pieces
 28080 | Bazaar   | Bought the +10 dark maul {crush} for 867 gold pieces
 28677 | D:15     | Identified the +8 mace of Twilight {drain, rF++ MR+ Dex+2} (You bought it in a shop in a bazaar)
 28983 | D:15     | Reached XP level 16. HP: 103/103 MP: 16/16
 29149 | D:15     | Reached skill level 16 in Maces & Flails
 29242 | D:15     | Noticed Josephine
 29259 | D:15     | Killed Josephine
 29328 | D:15     | Identified a scroll of acquirement
 29470 | D:15     | Reached skill level 10 in Dodging
 29558 | D:15     | Found a staircase to the Depths.
 29599 | D:15     | Found a sacrificial altar of Ru.
 30191 | Lair:6   | Received a gift from Trog
 30242 | Lair:5   | Got a heavily runed ring mail
 30253 | Lair:5   | Identified the +5 ring mail of Disguise {+Blink rC- rN+ rCorr MP+9} (You found it on level 5 of the Lair of Beasts)
 30428 | Snake:1  | Entered Level 1 of the Snake Pit
 30541 | Snake:1  | Noticed Aizul
 30581 | Snake:1  | Killed Aizul
 30697 | Snake:1  | Noticed Rupert
 30701 | Snake:1  | Killed Rupert
 31562 | Snake:2  | Noticed Donald
 31585 | Snake:2  | Killed Donald
 32402 | Snake:2  | Received a gift from Trog
 33250 | Snake:4  | Noticed Azrael
 33301 | Snake:4  | Killed Azrael
 33404 | Snake:3  | Reached XP level 17. HP: 98/111 MP: 17/17
 33594 | Snake:3  | Noticed Frances
 33620 | Snake:3  | Killed Frances
 33989 | Snake:3  | Received a gift from Trog
 34800 | Snake:4  | Reached skill level 15 in Fighting
 34815 | Snake:4  | Noticed Roxanne
 35429 | Snake:4  | Killed Roxanne
 35429 | Snake:4  | Received a gift from Trog
 35431 | Snake:4  | Identified Roxanne's Compendium of the Unstable Mountains (You took it off Roxanne on level 4 of the Snake Pit)
 35474 | Snake:5  | Entered Level 5 of the Snake Pit
 36642 | Snake:5  | Reached XP level 18. HP: 58/120 MP: 18/18
 36823 | Snake:5  | Reached skill level 17 in Maces & Flails
 37183 | Snake:5  | Received a gift from Trog
 38041 | Snake:5  | Received a gift from Trog
 38067 | Snake:5  | Reached skill level 15 in Armour
 38184 | Snake:5  | Received a gift from Trog
 38988 | Snake:5  | Got a serpentine rune of Zot
 39249 | Shoals:1 | Entered Level 1 of the Shoals
 39499 | Shoals:1 | Received a gift from Trog
 40365 | Shoals:2 | Reached skill level 1 in Evocations
 40370 | Shoals:2 | Received a gift from Trog
 40439 | Shoals:2 | Found Pruwnax's Armour Boutique.
 40536 | Shoals:2 | Reached XP level 19. HP: 122/127 MP: 21/22
 40879 | Orc:1    | Bought an uncursed amulet of clarity for 260 gold pieces
 41566 | Shoals:2 | Found a white marble altar of Elyvilon.
 42075 | Shoals:2 | Reached skill level 5 in Evocations
 43113 | Shoals:4 | Noticed Polyphemus
 43133 | Shoals:4 | Received a gift from Trog
 43169 | Shoals:4 | Killed Polyphemus
 43315 | Shoals:4 | Noticed Louise
 43343 | Shoals:4 | Killed Louise
 44607 | Elf:1    | Entered Level 1 of the Elven Halls
 44689 | Elf:1    | Received a gift from Trog
 45047 | Elf:1    | Identified Iskenderun's Compendium of Blows and Bruises (You found it on level 1 of the Elven Halls)
 45110 | Elf:1    | Reached skill level 10 in Evocations
 45817 | Elf:2    | Found a runed gate.
 45817 | Elf:2    | Found a runed gate.
 45817 | Elf:2    | Found a runed gate.
 45829 | Elf:2    | Got a smoking scimitar
 45834 | Elf:2    | Got a faintly glowing scimitar
 45881 | Elf:2    | Found Oghemud's Book Shoppe.
 45969 | Elf:2    | Received a gift from Trog
 45992 | Elf:2    | Identified the cursed -1 scimitar "Jev Hiaz" {flame, Str+3} (You found it on level 2 of the Elven Halls)
 45995 | Elf:2    | Identified the +8 scimitar "Bow Zets" {slice, +Rage} (You found it on level 2 of the Elven Halls)
 46461 | Elf:2    | Reached skill level 15 in Shields
 46655 | Elf:2    | Reached XP level 20. HP: 105/133 MP: 32/32
 47278 | Lair:2   | Identified the +5 dagger "Vafyodo" {speed, rPois rF+ rC+ rN+} (You found it on level 6 of the Lair of Beasts)
 47504 | Shoals:5 | Entered Level 5 of the Shoals
 47510 | Shoals:5 | Found Dedausis' Distillery.
 47528 | Shoals:5 | Found Jaazaan's Assorted Antiques.
 47712 | Shoals:5 | Noticed Wiglaf
 47765 | Shoals:5 | Killed Wiglaf
 47778 | Shoals:5 | Received a gift from Trog
 47782 | Shoals:5 | Got an ancient hand axe {god gift}
 48298 | Shoals:5 | Noticed Ilsuiw
 48458 | Shoals:5 | Noticed Saint Roka
 48721 | Shoals:4 | Killed Saint Roka
 48791 | Shoals:4 | Killed Ilsuiw
 48791 | Shoals:4 | Received a gift from Trog
 48960 | Shoals:4 | Identified the +6 hand axe "Shavuel" {chop, +Rage Int-5 Dex+9 Stlth-} (Trog gifted it to you on level 5 of the Shoals)
 49093 | Shoals:5 | Got a bloodstained scythe
 49267 | Shoals:5 | Found Brahad's Book Emporium.
 49281 | Shoals:5 | Found Osuassod's Antique Armour Emporium.
 49964 | Shoals:5 | Got a barnacled rune of Zot
 50470 | Elf:3    | Entered Level 3 of the Elven Halls
 50685 | Elf:3    | Received a gift from Trog
 51395 | Elf:3    | Reached skill level 18 in Maces & Flails
 51503 | Elf:3    | Cast into the Abyss (a deep elf sorcerer)
 51662 | Abyss:1  | Paralysed by you for 2 turns
 51768 | Abyss:1  | Paralysed by you for 2 turns
 51801 | Abyss:1  | Got a shimmering leather armour
 51966 | Abyss:1  | Noticed a bone dragon
 52019 | Abyss:1  | Killed a bone dragon
 52264 | Abyss:1  | Reached XP level 21. HP: 104/126 MP: 29/29
 52490 | Abyss:1  | Gained mutation: You occasionally shout uncontrollably at your foes. [a shining eye]
 52531 | Abyss:1  | Gained mutation: Scrolls take you longer to read. [a shining eye]
 52607 | Abyss:1  | Received a gift from Trog
 52864 | Abyss:1  | Noticed a bone dragon
 52905 | Abyss:1  | Killed a bone dragon
 52930 | Elf:3    | Escaped the Abyss
 53129 | Elf:3    | Got a warped turquoise ring
 53644 | Elf:3    | Got a fine lapis lazuli ring
 53802 | Elf:3    | Received a gift from Trog
 54317 | Elf:3    | Got a warped whip
 54318 | Elf:3    | Identified the cursed +0 whip of Ystazahi {drain, *Rage +Inv Str+3} (You found it on level 3 of the Elven Halls)
 54325 | Elf:3    | Got a smoking arbalest
 54414 | Elf:2    | Identified the cursed ring of Dainet {+Fly rC+ Str-3 Int-3 Stlth+} (You took it off a deep elf demonologist on level 3 of the Elven Halls)
 54422 | Elf:2    | Identified the ring "Shrielot" {+Blink rC+ MR- MP-9 Str+2 Int+3} (You took it off a deep elf master archer on level 3 of the Elven Halls)
 54441 | Elf:2    | Identified the +0 leather armour of Broken Taboos {+Fly rElec rC- Str-3 Slay+2} (You found it on level 1 of the Abyss)
 54456 | Elf:2    | Identified the +10 arbalest of Fortitude {penet, rElec rN+} (You found it on level 3 of the Elven Halls)
 54531 | Elf:3    | Got a fine quick blade
 54556 | Elf:3    | Got a transparent leather armour
 54936 | Lair:2   | Identified the +3 leather armour of the Tundras {Str+4} (You found it on level 3 of the Elven Halls)
 54950 | Lair:2   | Identified the +7 quick blade of Xom's Generosity {pierce, rPois Str+2} (You took it off a deep elf mage on level 3 of the Elven Halls)
 55308 | Elf:3    | Identified the Incunabulum of Bewitchment (You found it on level 3 of the Elven Halls)
 55339 | Elf:3    | Got a polished spear
 55341 | Elf:3    | Identified the +2 spear of Dismemberment {speed, rC+ Int+6} (You found it on level 3 of the Elven Halls)
 55922 | Vaults:1 | Entered Level 1 of the Vaults
 56439 | Vaults:1 | Received a gift from Trog
 56529 | Vaults:1 | Reached skill level 19 in Fighting
 57512 | Vaults:1 | Reached XP level 22. HP: 150/150 MP: 11/34
 57517 | Vaults:1 | Received a gift from Trog
 59105 | Vaults:2 | Received a gift from Trog
 59317 | Vaults:2 | Reached skill level 20 in Fighting
 59854 | Vaults:2 | Received a gift from Trog
 61366 | Vaults:3 | Received a gift from Trog
 61473 | Vaults:3 | Found a staircase to the Crypt.
 61473 | Vaults:3 | Found a basalt altar of Yredelemnul.
 61473 | Vaults:3 | Found an ancient bone altar of Kikubaaqudgha.
 61667 | Vaults:3 | Reached XP level 23. HP: 150/158 MP: 11/34
 61996 | Vaults:3 | Received a gift from Trog
 62519 | Vaults:3 | Found Niaribb's Food Shop.
 63104 | Vaults:4 | Reached skill level 21 in Fighting
 63283 | Vaults:4 | Found Kiovi's Armour Shop.
 63911 | Vaults:4 | Received a gift from Trog
 64750 | Depths:1 | Entered Level 1 of the Depths
 65874 | Depths:1 | Found a gateway to Hell.
 65885 | Depths:1 | Reached XP level 24. HP: 167/167 MP: 11/35
 65988 | Depths:1 | Received a gift from Trog
 65991 | Depths:1 | Got a brightly glowing morningstar {god gift}
 65992 | Depths:1 | Identified the +6 morningstar "Fots" {venom, rF+ Stlth+} (Trog gifted it to you on level 1 of the Depths)
 66298 | Depths:1 | Cast into the Abyss (an ogre mage)
 66311 | Depths:1 | Escaped the Abyss
 66462 | Depths:1 | Found a one-way gate to the infinite horrors of the Abyss.
 66636 | Depths:1 | Noticed Nikola
 66666 | Depths:1 | Killed Nikola
 66755 | Depths:1 | Got a pair of polished gloves
 66766 | Depths:1 | Identified the +0 pair of gloves of Sin {MP+9 Int+2} (You found it on level 1 of the Depths)
 66809 | Depths:1 | Found a white marble altar of Elyvilon.
 66809 | Depths:1 | Found a glowing silver altar of Zin.
 66823 | Depths:1 | Found a glowing golden altar of the Shining One.
 66887 | Depths:2 | Noticed theElss' ghost (mighty GrBe)
 67085 | Depths:2 | Killed theElss' ghost
 67175 | Depths:2 | Received a gift from Trog
 67224 | Depths:2 | Reached skill level 22 in Fighting
 68521 | Depths:1 | Received a gift from Trog
 70535 | D:13     | Noticed a tengu warrior
 70545 | D:13     | Killed a tengu warrior
 70570 | D:13     | Noticed a centaur warrior
 70584 | D:13     | Killed a centaur warrior
 70611 | D:13     | Noticed a rakshasa
 70630 | D:13     | Killed a rakshasa
 70632 | D:13     | Killed a rakshasa
 71109 | Depths:2 | Got a polished plate armour
 71297 | Depths:2 | Got a smoking turquoise ring
 71362 | Depths:2 | Identified the ring "Pseoge" {rPois Stlth-} (You found it on level 2 of the Depths)
 71924 | Depths:2 | Received a gift from Trog
 72029 | Depths:2 | Identified the cursed +0 plate armour of the Blessed Realm {rF+ rC- rCorr Str+2} (You found it on level 2 of the Depths)
 72067 | Depths:2 | Got a polished chain mail
 72078 | Depths:2 | Identified the +5 chain mail "Gegui" {Contam rN+ rCorr Str+3 Int+7} (You found it on level 2 of the Depths)
 72117 | Depths:2 | Gained mutation: Your body is slowly deteriorating. [mutagenic glow]
 72319 | Depths:3 | Noticed Sojobo
 72349 | Depths:3 | Killed Sojobo
 72349 | Depths:3 | Reached XP level 25. HP: 161/175 MP: 35/35
 72451 | Depths:3 | Noticed Jory
 72476 | Depths:3 | Killed Jory
 72507 | Depths:3 | Found a gateway to a ziggurat.
 72552 | Depths:3 | Found a one-way gate leading to the halls of Pandemonium.
 72780 | Depths:3 | Received a gift from Trog
 72819 | Depths:3 | Noticed Mara
 72852 | Depths:3 | Noticed theElss' illusion
 73305 | Depths:4 | Reached skill level 23 in Fighting
 74533 | Depths:4 | Received a gift from Trog
 75243 | Depths:5 | Entered Level 5 of the Depths
 75790 | Depths:4 | Received a gift from Trog
 75796 | Depths:4 | Got an ichor-stained dire flail {god gift}
 76107 | Depths:5 | Reached skill level 15 in Dodging
 76122 | Depths:5 | Reached XP level 26. HP: 184/184 MP: 36/36
 76473 | Depths:5 | Found Muacalis' Assorted Antiques.
 76510 | Depths:5 | Received a gift from Trog
 76559 | Depths:5 | Bought a translucent morningstar for 198 gold pieces
 76577 | Depths:5 | Identified the +3 morningstar "Orb Guardian's Foe" {venom, +Inv rN+ MR+ Str-3 SInv} (You bought it in a shop on level 5 of the Depths)
 76667 | Depths:5 | Got a smoking turquoise ring
 76671 | Depths:5 | Identified the ring "Ufigugax" {Ice Stlth+} (You found it on level 5 of the Depths)
 76857 | Depths:5 | Got a wavering bone ring
 76859 | Depths:5 | Identified the ring "Xerurufo" {Str+4 Dex+6} (You took it off a merfolk aquamancer on level 5 of the Depths)
 76934 | Depths:5 | Reached skill level 24 in Fighting
 77234 | Depths:5 | Got a wavering marble ring
 77237 | Depths:5 | Identified the ring of the Rabble {Contam rF+ rN+ Dex+6} (You took it off a vampire knight on level 5 of the Depths)
 77258 | Depths:5 | Found Bluhuah's Antique Armour Shoppe.
 77259 | Depths:5 | Gained mutation: Your spells are a little easier to cast, but a little less powerful. [mutagenic glow]
 77266 | Depths:5 | Bought a shiny helmet for 166 gold pieces
 77453 | Depths:5 | Received a gift from Trog
 77471 | Depths:5 | Found a gate to the Realm of Zot.
 77859 | Depths:3 | Got a brightly glowing cloak
 77924 | Depths:3 | Identified the +1 cloak of Darkness {rPois rF+ Str-3 Dex+3} (You found it on level 3 of the Depths)
 78040 | Depths:3 | Noticed theElss' illusion
 78134 | Depths:3 | Noticed theElss' illusion
 78148 | Depths:3 | Killed Mara
 78509 | Depths:3 | Found Brakorou's Jewellery Boutique.
 79370 | Vaults:5 | Entered Level 5 of the Vaults
 79590 | Vaults:4 | Received a gift from Trog
 79876 | Vaults:4 | Reached XP level 27. HP: 168/192 MP: 12/36
 79966 | Vaults:5 | Noticed emiel's ghost (mighty NaTm)
 80368 | Vaults:5 | Noticed an ancient lich
 80375 | Vaults:5 | Killed an ancient lich
 80868 | Vaults:5 | Reached skill level 25 in Fighting
 81005 | Vaults:5 | Received a gift from Trog
 81086 | Vaults:5 | Killed emiel's ghost
 81778 | Vaults:5 | Received a gift from Trog
 82178 | Vaults:5 | Got a pair of encrusted boots
 82189 | Vaults:5 | Identified the cursed -5 pair of boots of Duck's Teeth {-Cast rElec SInv Stlth+} (You found it on level 5 of the Vaults)
 82239 | Vaults:5 | Got a crude morningstar
 82241 | Vaults:5 | Got an ancient mace
 82249 | Vaults:5 | Identified the cursed -2 morningstar of the Countless Dances {crush, SInv Stlth+} (You found it on level 5 of the Vaults)
 82252 | Vaults:5 | Identified the cursed -2 mace of an ossuary {distort, rElec} (You found it on level 5 of the Vaults)
 82269 | Vaults:5 | Gained mutation: Scrolls take you longer to read. [mutagenic glow]
 82502 | Vaults:5 | Got a silver rune of Zot
 83615 | Vaults:5 | Got a dazzling hand axe
 84091 | Slime:1  | Entered Level 1 of the Pits of Slime
 84304 | Slime:2  | Received a gift from Trog
 84406 | Slime:2  | Paralysed by a giant eyeball for 2 turns
 85804 | Slime:1  | Received a gift from Trog
 86094 | Slime:3  | Reached skill level 26 in Fighting
 87431 | Slime:6  | Entered Level 6 of the Pits of Slime
 88442 | Slime:6  | Received a gift from Trog
 88741 | Slime:6  | Noticed the royal jelly
 88760 | Slime:6  | Killed the royal jelly
 88778 | Slime:5  | Slain by an acid blob

Action                   |  1- 3 |  4- 6 |  7- 9 | 10-12 | 13-15 | 16-18 | 19-21 | 22-24 | 25-27 || total
-------------------------+-------+-------+-------+-------+-------+-------+-------+-------+-------++-------
Melee: Mace              |   129 |    97 |       |       |    32 |   108 |       |       |   138 ||   504
       Flail             |       |    92 |   330 |  1054 |   708 |       |       |       |       ||  2184
       Eveningstar       |       |       |       |   217 |   355 |       |       |       |       ||   572
       Demon whip        |       |       |       |       |   741 |  1885 |  3503 |  2839 |  1366 || 10334
       Unarmed           |       |       |       |       |     1 |       |     2 |       |       ||     3
       Whip              |       |       |       |       |  1073 |   386 |       |       |       ||  1459
       Great mace        |       |       |       |       |    22 |       |       |       |       ||    22
       Morningstar       |       |       |       |       |   117 |    57 |       |   962 |  2162 ||  3298
       Maul              |       |       |       |       |    26 |    88 |       |       |       ||   114
Invok: Berserk           |     1 |     3 |     5 |     8 |    14 |     5 |     5 |     5 |     8 ||    54
       Trog's Hand       |       |       |       |     1 |     2 |       |       |     3 |     2 ||     8
       Brothers in Arms  |       |       |       |       |       |       |     1 |     1 |       ||     2
 Abil: Fly               |       |       |       |       |     1 |       |       |       |       ||     1
Evoke: Wand              |       |       |       |       |       |     1 |       |     2 |       ||     3
  Use: Scroll            |       |       |       |    19 |    14 |     8 |     8 |     3 |     9 ||    61
       Potion            |       |       |       |       |       |       |       |     2 |     3 ||     5
 Stab: Distracted        |       |       |       |       |     1 |       |       |     1 |       ||     2
       Petrifying        |       |       |       |       |       |       |     1 |       |       ||     1
       Invisible         |       |       |       |       |       |       |     3 |       |       ||     3
       Petrified         |       |       |       |       |       |       |     3 |       |       ||     3
       Paralysed         |       |       |       |       |       |       |     1 |       |       ||     1
  Eat: Chunk             |     2 |     9 |    15 |    29 |    58 |    39 |    71 |    56 |    35 ||   314
       Fruit             |       |       |     2 |       |     3 |     1 |     2 |       |     1 ||     9
       Royal jelly       |       |       |     1 |       |       |       |       |       |       ||     1
       Pizza             |       |       |       |     2 |     1 |       |       |       |       ||     3
       Beef jerky        |       |       |       |       |     1 |       |       |       |       ||     1
       Meat ration       |       |       |       |       |     1 |     1 |     1 |       |     5 ||     8
